cohdb
Replays
Latest Replays
All Replays
Popular Replays
Top Player Replays
Match Explorer
How It Works
Community
CoH3 Stats
Reddit
Sign in to upload your games and track your stats! →
Sign in with Steam
Match 47327144
Unlisted
Match 47327144
Overview
Messages
Build Orders
End
Engineer Squad
Construct Barracks
Selects Armored Battlegroup
Selects Assault Engineers
Assault Engineer Squad
Riflemen Squad
Riflemen Squad
Construct Medical Station
Riflemen Squad
Infantry Support Center
Grenade Package
Selects M31 Recovery Vehicle
M1918 Browning Automatic Rifles
Construct Motor Pool
M8 Greyhound Armored Car
Selects War Machine
M8 Greyhound Armored Car
M8 Greyhound Armored Car
Herr Blautier
EPHX_Valkyrion
Major Storm
[38.] Nowhere Queen
0
0
Comments
sign in to comment!
No comments posted yet!